Map: Ley Lines

Players

KIK

  • Race: Zerg Zerg
  • League: Master
  • Spawn Location: 7:00

ManlyManMeat - Winner!

  • Race: Terran Terran
  • League: Platinum
  • Spawn Location: 1:00

VOD

Have the link to the VOD?

Description

Time

  • Played on: June 19, 2025, 1:53 p.m.
  • Length: 10:59
Show
View Real Time Build Order
Export as new Build Order

KIK Zerg 

Build Orders: Hatch First, Zergling Baneling 

Get SALT Encoding   

  12  0:03  Drone  
  13  0:08  Drone  
  14  0:36  Hatchery  
  14  0:37  Drone  
  14  0:58  Spawning Pool  
  14  0:59  Drone  
  14  1:05  Extractor  
  14  1:06  Drone  
  14  1:12  Overlord  
  14  1:31  Drone  
  15  1:33  Drone x2  
  17  1:47  Queen  
  17  1:48  Zergling x2  
  17  1:52  Zergling x2  
  21  1:58  Baneling Nest, Zergling x2  
  21  2:02  Zergling x2  
  21  2:05  Zergling x2  
  23  2:10  Zergling x2  
  24  2:21  Zergling x2  
  24  2:32  Zergling x2  
  25  2:38  Zergling x4  
  26  2:57  Baneling x7  
  25  3:13  Zergling x6  
  22  3:49  Drone  
  22  3:50  Drone x2  
  25  3:59  Drone x3  
  27  4:07  Drone  
  28  4:15  Spine Crawler x2  
  26  4:18  Drone, Extractor  
  26  4:24  Baneling x6  
  26  4:28  Zergling x4  
  28  4:31  Metabolic Boost  
  28  4:35  Overlord x2  
  28  4:44  Zergling x2  
  26  4:52  Drone  
  27  4:58  Drone x3  
  30  5:04  Pneumatized Carapace  
  30  5:10  Drone  
  31  5:19  Drone x3  
  34  5:25  Baneling x3  
  34  5:28  Hatchery, Extractor  
  32  5:29  Drone  
  32  5:30  Drone  
  32  5:34  Extractor, Spore Crawler  
  32  5:36  Drone  
  32  5:42  Spore Crawler  
  32  5:48  Zergling x2  
  33  6:01  Zergling x6  
  33  6:02  Zergling x6  
  39  6:05  Drone x2  
  41  6:12  Lair  
  41  6:16  Drone  
  42  6:19  Drone  
  42  6:25  Baneling x4  
  43  6:47  Zergling x6  
  43  6:49  Baneling  
  43  6:50  Baneling x6  
  46  6:56  Drone x3  
  46  6:57  Overlord  
  49  7:03  Baneling x4  
  49  7:07  Overlord  
  38  7:40  Zergling x4  
  38  7:41  Zergling x2  
  41  7:52  Drone x2  
  41  7:53  Drone x3  
  46  7:59  Extractor  
  46  8:00  Extractor  
  46  8:02  Spire  
  46  8:04  Baneling x3  
  46  8:05  Baneling x2  
  43  8:11  Drone x3  
  46  8:14  Drone x3  
  46  8:17  Queen  
  51  8:29  Zergling x2  
  51  8:30  Zergling x4  
  49  8:46  Zergling x4  
  48  8:50  Zergling x2  
  48  8:51  Queen  
  48  8:52  Zergling x2  
  52  8:58  Zergling x4  
  52  8:59  Zergling x2  
  55  9:04  Evolution Chamber  
  55  9:08  Zergling x4  
  56  9:10  Zergling x2  
  55  9:22  Zergling x4  
  56  9:33  Zergling x2  
  56  9:36  Baneling x5  
  56  9:37  Baneling x9  
  57  9:42  Zergling x6  
  55  9:48  Zergling x2  
  42  10:14  Zergling x8  
  42  10:19  Mutalisk  
  42  10:20  Zergling x6  
  42  10:21  Zergling x2  
  51  10:26  Zergling x4  
  51  10:27  Zergling x2  
  48  10:41  Baneling x2  
  48  10:42  Baneling  
Show
View Real Time Build Order
Export as new Build Order

ManlyManMeat Terran - Winner!

Build Orders: Reaper Expand 

Get SALT Encoding   

  12  0:00  SCV  
  13  0:12  SCV  
  14  0:17  Supply Depot  
  14  0:24  SCV  
  15  0:38  SCV  
  15  0:41  Barracks  
  16  0:45  Refinery  
  16  0:50  SCV  
  17  1:03  SCV  
  18  1:15  SCV  
  19  1:27  Orbital Command  
  19  1:30  Reaper  
  20  1:39  Command Center  
  20  1:46  Supply Depot  
  20  1:55  SCV  
  21  2:02  Marine  
  21  2:07  SCV  
  23  2:10  Factory  
  23  2:21  Marine  
  24  2:23  SCV  
  25  2:35  SCV  
  25  2:55  Barracks  
  25  2:56  Command Center, Barracks Reactor  
  24  3:04  Orbital Command  
  24  3:16  Hellion  
  24  3:17  Bunker  
  25  3:46  Marine x2  
  28  3:48  Hellion  
  27  3:57  Marine  
  27  4:02  SCV x2  
  30  4:05  Marine x2  
  34  4:10  Orbital Command  
  34  4:15  Marine  
  35  4:17  SCV x2  
  37  4:28  Refinery  
  35  4:36  Starport  
  33  4:51  Marine x2  
  33  4:54  Hellion x2  
  33  4:58  SCV x3  
  38  5:10  SCV  
  38  5:11  SCV x2  
  41  5:15  Widow Mine x2  
  41  5:16  Bunker  
  41  5:19  Starport Tech Lab  
  41  5:20  Supply Depot  
  45  5:21  Starport Reactor  
  45  5:22  Barracks Reactor x2  
  45  5:31  SCV x2  
  45  5:32  SCV  
  48  5:38  Hellion  
  50  5:43  SCV  
  50  5:44  SCV  
  50  5:47  Hellion  
  54  5:53  Barracks, Engineering Bay x2  
  54  5:54  Barracks  
  54  5:55  Barracks  
  54  5:56  Supply Depot  
  53  5:57  Supply Depot  
  53  5:59  Marine x4  
  53  6:01  Medivac x2  
  61  6:06  Supply Depot  
  62  6:11  SCV  
  62  6:12  Supply Depot  
  62  6:14  SCV x2  
  62  6:16  Marine x2  
  66  6:22  Supply Depot  
  66  6:29  Marine x2  
  68  6:34  Marine  
  69  6:41  Medivac x2  
  73  6:51  Marine x2  
  73  6:52  Marine  
  73  6:53  Orbital Command, Widow Mine x2  
  80  6:56  SCV x2  
  82  7:11  Medivac  
  82  7:14  Marine x4  
  82  7:15  SCV x2  
  69  7:35  Marine x4  
  71  7:37  SCV x3  
  71  7:41  Barracks Tech Lab x2  
  71  7:42  Barracks Reactor  
  74  7:48  Refinery  
  74  7:49  SCV x2  
  74  7:50  Refinery  
  76  7:53  Marine  
  77  8:03  Marine x3  
  77  8:04  Marauder, Marine  
  77  8:05  Widow Mine  
  85  8:06  Medivac, Widow Mine  
  89  8:22  Marauder  
  89  8:26  Marine x5  
  96  8:27  Marauder  
  95  8:43  Marauder  
  95  8:46  Marine x5  
  98  8:48  Marauder, Medivac x2, Widow Mine x2  
  98  8:50  SCV x3  
  107  8:56  Supply Depot  
  107  8:57  Terran Infantry Weapons Level 1  
  107  8:59  Supply Depot  
  107  9:02  SCV x2  
  109  9:05  Marauder  
  113  9:10  Marauder  
  113  9:23  Marine x2  
  113  9:24  Marine x4  
  116  9:26  Marauder, SCV x3  
  116  9:31  Marine  
  125  9:38  SCV  
  125  9:39  SCV x2  
  125  9:40  Command Center  
  125  9:41  Marine  
  121  10:04  Marine x5  
  121  10:05  Marine x2  
  121  10:06  SCV x3  
  130  10:12  Marine  
  121  10:18  SCV  
  119  10:22  Marine x2  
  121  10:29  Marine x5  
  121  10:30  Marine  
  121  10:32  Widow Mine x2  
  137  10:51  Missile Turret x2  
  137  10:52  Missile Turret  
  137  10:53  Missile Turret x2  
  137  10:54  Missile Turret  
  137  10:55  Missile Turret  
  137  10:57  Missile Turret x2  
Tags
 
Add a new tag
Caveats
  • Supply blocks, unpowered buildings, or Contaminate may cause inaccurate times.
  • Supply counts are checked every 10 seconds.